 Dungeon Crawl Stone Soup version 0.27-a0-1196-g3e9cee4cb2 (webtiles) character file.

Game seed: 8050031877317661259

222 siradein the Chucker (level 5, 0/34 (42) HPs)
             Began as a Minotaur Hunter on May 28, 2021.
             Was an Initiate of Okawaru.
             Slain by a wight
             ... wielding a +0 flail
              (2 damage)
             ... on level 4 of the Dungeon.
             The game lasted 00:04:58 (4095 turns).

siradein the Chucker (Minotaur Hunter)              Turns: 4095, Time: 00:04:58

HP:   0/34 (42)     AC:  4    Str: 17    XL:     5   Next: 66%
MP:   4/4           EV:  9    Int:  8    God:    Okawaru [......]
Gold: 74            SH:  0    Dex: 11    Spells: 4/4 levels left

rFire    . . .     SeeInvis .   p - +0 short sword (holy)
rCold    . . .     Faith    .   (no shield)
rNeg     . . .     Spirit   .   k - +2 robe {Will+}
rPois    .         Reflect  .   (helmet restricted)
rElec    .         Harm     .   (no cloak)
rCorr    +         Rampage  .   (no gloves)
Will     +....                  (no boots)
Stlth    +.........             (no amulet)
HPRegen  0.11/turn              g - ring of resist corrosion
MPRegen  0.09/turn              (no ring)

@: constricted, heavily drained
A: horns 2, retaliatory headbutt
a: Renounce Religion


You were on level 4 of the Dungeon.
You worshipped Okawaru.
Okawaru was noncommittal.
You visited 1 branch of the dungeon, and saw 4 of its levels.

You collected 74 gold pieces.

Inventory:

Hand Weapons
 p - a +0 short sword of holy wrath (weapon)
 s - a +0 dagger of venom
Missiles
 c - 6 javelins
 d - 2 throwing nets
 i - 40 stones (quivered)
 r - 4 boomerangs of dispersal
Armour
 k - a +2 robe of willpower (worn)
Jewellery
 g - a ring of resist corrosion (left hand)
 o - an amulet of magic regeneration
Scrolls
 b - a scroll of blinking {unknown}
 e - 2 scrolls of magic mapping {unknown}
 f - a scroll of amnesia {unknown}
 h - 2 scrolls of identify {unknown}
 n - 3 scrolls of teleportation {unknown}
 q - a scroll of enchant armour {unknown}
Potions
 a - a potion of flight {unknown}
 j - 2 potions of attraction {unknown}
 l - a potion of haste {unknown}
 m - 2 potions of degeneration {unknown}


   Skills:
 - Level 2.4 Fighting
 + Level 4.2 Short Blades
 + Level 5.6 Throwing
 - Level 2.1 Dodging
 - Level 0.7 Stealth


You had 4 spell levels left.
You didn't know any spells.
Your spell library was empty.

Dungeon Overview and Level Annotations

Branches:
Dungeon (4/15)
 Temple: D:4-7

Altars:
Cheibriados
Fedhas
Nemelex Xobeh
Okawaru
Sif Muna
Zin

Shops:
D:1 =


Innate Abilities, Weirdness & Mutations

You have a pair of horns on your head.
You reflexively headbutt those who attack you in melee.


Message History

The wight closely misses you. You furiously retaliate!
You headbutt the wight.
The ufetubus moves out of view.
There is a stone staircase leading up, spattered with blood here.
You hit the wight.
The wight convulses.
The wight is moderately damaged.
The wight misses you.
You closely miss the wight.
The wight is moderately damaged.
The wight barely misses you.
You hit the wight but do no damage.
The wight is moderately damaged.
The wight hits you with a +0 flail!
You feel drained.
You closely miss the wight.
The wight is moderately damaged.
The ball python bites you but does no damage.
The ball python closely misses you.
You hit the wight but do no damage. You headbutt the wight.
The wight is heavily damaged.
The ball python bites you but does no damage.
The ball python grabs you. The ball python constricts you.
The wight hits you with a +0 flail! The ball python bites you.
The ball python constricts you.
You are too injured to fight recklessly!
You are too injured to fight recklessly!
You are too injured to fight recklessly!
You hit the wight.
The wight convulses.
The wight is severely damaged.
The wight hits you with a +0 flail!
* * * LOW HITPOINT WARNING * * *
You feel drained.
* * * LOW HITPOINT WARNING * * *
The ball python bites you but does no damage.
* * * LOW HITPOINT WARNING * * *
The ball python constricts you.
You completely miss the wight. Your headbutt misses the wight.
The wight is severely damaged.
The wight hits you with a +0 flail.
* * * LOW HITPOINT WARNING * * *
You feel drained.
You die...

.##.#.........#
...........^..#
..............#
##............#
#.............#
.............###
#.....z.......
#...(.@...#
#..[..S...#
#.........#
.............#
..........#.##
............#
?..z.........
..............
.............$#


You could see 2 wights and a ball python.

Vanquished Creatures
  A wight (D:4)
  Jessica (D:2)
  Natasha (twice) (D:3)
  A gnoll (D:2)
  2 adders (D:2)
  A dart slug (D:1)
  11 orcs
  4 ball pythons
  7 endoplasms
  A giant cockroach (D:1)
  3 goblins
  8 hobgoblins
  3 jackals (D:1)
  4 kobolds
  3 quokkas (D:1)
  4 bats
  4 frilled lizards
  4 rats
64 creatures vanquished.

Notes
Turn   | Place    | Note
-------+----------+-------------------------------------------
     0 | D:1      | siradein the Minotaur Hunter began the quest for the Orb.
     0 | D:1      | Reached XP level 1. HP: 18/18 MP: 0/0
   157 | D:1      | Reached skill level 1 in Short Blades
   281 | D:1      | Reached XP level 2. HP: 25/25 MP: 1/1
   881 | D:1      | Reached XP level 3. HP: 28/30 MP: 2/2
   940 | D:1      | Found Caoz's Jewellery Shop.
  1399 | D:2      | Noticed Jessica
  1804 | D:2      | Killed Jessica
  1805 | D:2      | Reached XP level 4. HP: 14/37 MP: 3/3
  2019 | D:2      | Reached skill level 5 in Throwing
  2487 | D:2      | Found a faded altar of an unknown god.
  2624 | D:3      | Found a sparkling altar of Nemelex Xobeh.
  2628 | D:3      | Found a blossoming altar of Fedhas.
  2635 | D:3      | Found a snail-covered altar of Cheibriados.
  2639 | D:3      | Found a glowing silver altar of Zin.
  2668 | D:3      | Noticed Natasha
  2684 | D:3      | Killed Natasha
  3054 | D:3      | Noticed Natasha
  3073 | D:3      | Killed Natasha
  3074 | D:3      | Reached XP level 5. HP: 34/42 MP: 4/4
  3127 | D:3      | Found a shimmering blue altar of Sif Muna.
  3530 | D:3      | Found an iron altar of Okawaru.
  3541 | D:3      | Became a worshipper of Warmaster Okawaru
  4095 | D:4      | Slain by a wight

Illustrated notes

Levels and vault maps discovered:
D:1:      lightli_arrival_boilingwater, layout_basic, serial_shops, shop
D:2:      layout_basic, hellmonk_ecumenical_altar_inner_sanctum,
          kennysheep_minor_cross, minmay_box_of_dots, uniq_jessica
D:3:      layout_basic, minmay_overflow_temple_star_hex, tgw_sif, uniq_natasha
D:4:      layout_rooms, hangedman_glass_garden, minivault_1

Skill      XL: |  1  2  3  4  5 |
---------------+----------------+-----
Short Blades   | 1 2 3 4 |  4.2
Throwing       | 5 |  5.6
Fighting       | |  2.4
Dodging        | |  2.1
Stealth        | |  0.7

Action                   |  1- 3 |  4- 6 || total
-------------------------+-------+-------++-------
Melee: Short sword       |    98 |    74 ||   172
       Headbutt          |    13 |    11 ||    24
Throw: Stone             |       |    19 ||    19
Armor: Leather armour    |    21 |       ||    21
       Ring mail         |     7 |       ||     7
       Robe              |       |    15 ||    15
Dodge: Dodged            |    53 |    50 ||   103

Table legend: (Time is in decaauts)
 A = Elapsed time spent in this place.
 B = Non-inter-level travel time spent in this place.
 C = Inter-level travel time spent in this place.
 D = Time resting spent in this place.
 E = Time spent auto-exploring this place.
 F = Levels seen in this place.
 G = Mean time per level.
                   A        B        C        D        E       F      G
               +--------+--------+--------+--------+--------+-----+--------+
         Total |   4106 |   4011 |     95 |    994 |   2515 |   4 | 1026.5 |
       Dungeon |   4106 |   4011 |     95 |    994 |   2515 |   4 | 1026.5 |
               +--------+--------+--------+--------+--------+-----+--------+

Top non-repeatable levels by time:
     D:1: 1944 daAuts
     D:3: 1483 daAuts
     D:2: 655 daAuts
     D:4: 22 daAuts
